 Dungeon Crawl Stone Soup version 0.28.0-53-g5a82cb258f (webtiles) character file.

Game seed: 9630456229765465688

184 Acheron the Ruffian (level 5, -3/48 HPs)
             Began as a Troll Hedge Wizard on June 11, 2022.
             Slain by an ogre
             ... wielding a +0 giant club
              (19 damage)
             ... on level 6 of the Dungeon.
             The game lasted 00:10:51 (1647 turns).

Acheron the Ruffian (Troll Hedge Wizard)            Turns: 1647, Time: 00:10:52

Health: -3/48      AC:  4    Str: 18    XL:     5   Next: 36%
Magic:  7/7        EV: 10    Int: 10    God:
Gold:   27         SH:  0    Dex: 11    Spells: 3/8 levels left

rFire   . . .      SeeInvis .     - Unarmed
rCold   . . .      Faith    .   (no shield)
rNeg    . . .      Spirit   .   b - +0 robe
rPois   .          Reflect  .   c - +0 hat
rElec   .          Harm     .   (no cloak)
rCorr   .          Rampage  .   (gloves unavailable)
Will    .....                   (boots unavailable)
Stlth   ++........              (no amulet)
HPRegen 0.96/turn               (no ring)
MPRegen 0.10/turn               (no ring)

@: no status effects
A: large, unfitting armour, claws 3, regeneration 1, shaggy fur 1, tough skin 1
a: no special abilities


You were on level 6 of the Dungeon.
You visited 1 branch of the dungeon, and saw 6 of its levels.

You collected 49 gold pieces.
You spent 22 gold pieces at shops.

Inventory:

Hand Weapons
 a - a +1 dagger
Missiles
 h - 3 poisoned darts
 k - 3 large rocks (quivered)
Armour
 b - a +0 robe (worn)
 c - a +0 hat (worn)
Wands
 m - a wand of flame (24)
Scrolls
 d - a scroll of immolation {unknown}
 f - 3 scrolls of teleportation
 n - a scroll of blinking
Potions
 e - 3 potions of curing
 g - a potion of berserk rage
 i - a potion of might {unknown}
 j - 2 potions of brilliance
 l - 2 potions of attraction {unknown}


   Skills:
 * Level 1.1 Fighting
 * Level 2.2 Dodging
 * Level 1.5 Stealth
 * Level 2.7 Unarmed Combat
 + Level 2.3 Spellcasting
 * Level 0.9 Conjurations
 * Level 0.9 Summonings
 * Level 0.8 Translocations
 * Level 0.3 Evocations


You had 3 spell levels left.
You knew the following spells:

 Your Spells              Type           Power      Damage    Failure   Level
a - Magic Dart            Conj           8%         1d3       22%         1
b - Blink                 Tloc           4%         N/A       32%         2
c - Call Imp              Summ           2%         N/A       32%         2

Your spell library contained the following spells:

 Spells                   Type           Power      Damage    Failure   Level
 Slow                     Hex            4%         N/A       30%         1
 Gell's Gravitas          Tloc           2%         N/A       54%         3
 Teleport Other           Tloc           2%         N/A       54%         3
 Conjure Flame            Conj/Fire      2%         6-21      58%         3
 Mephitic Cloud           Conj/Pois/Air  1%         N/A       63%         3
 Dispersal                Tloc           1%         N/A       100%        6


Dungeon Overview and Level Annotations

Branches:
Dungeon (6/15)
 Temple: D:4-7

Altars:
Hepliaklqana
Wu Jian

Shops:
D:1 *   D:4 ?

Annotations:
D:3 exclusion: downstairs


Innate Abilities, Weirdness & Mutations

You are too large for most types of armour.
You have claws for hands.
Your natural rate of healing is unusually fast.
You are covered in fur. (AC +1)
You have tough skin. (AC +1)


Message History

You see here a scroll of blinking.
n - a scroll of blinking The bullfrog hits you.
The bullfrog hits you but does no damage.
You claw the bullfrog!
The bullfrog is heavily wounded.
The bullfrog hits you but does no damage.
The bullfrog misses you.
You closely miss the bullfrog.
The bullfrog is heavily wounded.
The bullfrog hits you!
You barely miss the bullfrog.
The bullfrog is heavily wounded.
The bullfrog barely misses you. The bullfrog hits you.
You closely miss the bullfrog. You claw the bullfrog.
The bullfrog is severely wounded.
The bullfrog misses you.
You claw the bullfrog!
You kill the bullfrog!
You have reached level 5!
You claw the ogre!
The ogre is moderately wounded.
You scratch the ogre.
The ogre is heavily wounded.
The ogre closely misses you.
You barely miss the ogre.
The ogre is heavily wounded.
The ogre barely misses you.
You closely miss the ogre.
The ogre is heavily wounded.
The ogre hits you with a +0 giant club!
You barely miss the ogre.
The ogre is heavily wounded.
You scratch the ogre.
The ogre is severely wounded.
The ogre hits you with a +0 giant club!!
You scratch the ogre but do no damage.
The ogre is severely wounded.
The ogre hits you with a +0 giant club!!
You die...

#........#
#........#
#........
$...... . #.?..#
#.. #....# ....
#....# ...#
#....###....#
#....O@.....#
#.#####.....#
#.# .....#
#.#####.....#
#.....#.......
#######.#.....##
.......<#...###
#######....##
#....#


You could see an ogre.

Vanquished Creatures
  A bullfrog (D:6)
  A centaur skeleton (D:4)
  A gnoll (D:4)
  An adder (D:3)
  2 worms
  2 dart slugs
  8 endoplasms
  3 giant cockroaches
  8 goblins
  4 hobgoblins
  7 jackals
  2 quokkas
  5 ball pythons
  5 bats
  2 frilled lizards (D:1)
  4 kobolds
  7 rats
63 creatures vanquished.

Vanquished Creatures (others)
  12 fungi (D:4)
12 creatures vanquished.

Grand Total: 75 creatures vanquished

Notes
Turn   | Place    | Note
-------+----------+-------------------------------------------
     0 | D:1      | Acheron the Troll Hedge Wizard began the quest for the Orb.
     0 | D:1      | Reached XP level 1. HP: 16/16 MP: 2/2
    67 | D:1      | Reached XP level 2. HP: 23/24 MP: 4/4
   298 | D:1      | Found a faded altar of an unknown god.
   372 | D:1      | Reached XP level 3. HP: 31/31 MP: 5/5
   396 | D:1      | Found Moag's Assorted Antiques.
   656 | D:2      | Reached skill level 1 in Unarmed Combat
   954 | D:4      | Noticed a centaur
  1062 | D:3      | Found a hazy altar of Hepliaklqana.
  1084 | D:3      | Reached XP level 4. HP: 23/40 MP: 6/6
  1239 | D:4      | Learned a level 2 spell: Blink
  1242 | D:4      | Learned a level 2 spell: Call Imp
  1477 | D:3      | Found an ornate altar of the Wu Jian Council.
  1535 | D:4      | Found Maning's Magic Scroll Emporium.
  1547 | D:4      | Reached skill level 1 in Fighting
  1556 | D:4      | Bought a scroll of identify for 22 gold pieces
  1616 | D:5      | Entered Level 5 of the Dungeon
  1616 | D:5      | Noticed a black bear
  1621 | D:6      | Noticed an ogre
  1621 | D:6      | Noticed a bullfrog
  1640 | D:6      | Killed a bullfrog
  1641 | D:6      | Reached XP level 5. HP: 38/48 MP: 7/7
  1647 | D:6      | Slain by an ogre

Illustrated notes

Levels and vault maps discovered:
D:1:      ncdulo_wetmaze, layout_basic, hellmonk_ecumenical_altar_arch_garden,
          serial_shops, nicolae_shop_trees
D:2:      layout_loops_ring
D:3:      layout_rooms, nicolae_wu_jian_immortal_techniques, lemuel_tele_altar
D:4:      layout_rooms, nicolae_overflow_hidden_temple, serial_aquarium,
          aquarium_bridge_island_small [aquarium_subvault_small_open,
          aquarium_subvault_balcony, aquarium_subvault_bridge,
          aquarium_subvault_window, aquarium_subvault_balcony],
          aquarium_bridge_square [aquarium_subvault_window,
          aquarium_subvault_bridge, aquarium_subvault_bridge,
          aquarium_subvault_wall], aquarium_window_corner,
          aquarium_window_corridor_1, aquarium_view_2f,
          aquarium_balcony_double_1, serial_shops, shop, nicolae_lakefront_shop
D:5:      layout_loops_ring, mainiacjoe_overflow_catwalk,
          minmay_temple_entry_gardened_gates, uniq_crazy_yiuf_cottage
D:6:      layout_basic, slow_altar_2, kennysheep_generic_room_2

Skill      XL: |  1  2  3  4 |
---------------+-------------+-----
Unarmed Combat | 1 2 |  2.7
Dodging        | 2 |  2.2
Fighting       | 1 |  1.1
Stealth        | |  1.5
Spellcasting   | |  2.3
Conjurations   | |  0.9
Summonings     | |  0.9
Translocations | |  0.8
Evocations     | |  0.3

Action                   |  1- 3 |  4- 6 || total
-------------------------+-------+-------++-------
Melee: Unarmed           |   146 |    55 ||   201
       Punch             |     3 |     2 ||     5
 Cast: Magic Dart        |     1 |       ||     1
  Use: Scroll            |     5 |     2 ||     7
 Stab: Sleeping          |     2 |       ||     2
Armor: Robe              |    45 |    18 ||    63
Dodge: Dodged            |    75 |    32 ||   107
